Moose vs Marlies
Created - November 12, 2024 at 20:44
Goals
|
| Moose |
0 |
1 |
1 |
2 |
| Marlies |
2 |
2 |
2 |
6 |
|
Shots
|
| Moose |
3 |
11 |
12 |
26 |
| Marlies |
9 |
8 |
10 |
27 |
|
1st period
1. Marlies , Aleksi Saarela 10 (Rasmus Dahlin 6) at 11:55
2. Marlies , Mathieu Olivier 8 (Martin Necas 1) at 17:19
Penalties :
Nick Paul (Man) for Roughing (Minor) at 13:16, Matthew Highmore (Tor) for Tripping (Minor) at 14:47, Isac Lundestrom (Tor) for Delaying the game (Minor) at 18:54
2nd period
3. Marlies , Hugh McGing 2 (Rasmus Dahlin 7, Aleksi Saarela 7) at 11:03
4. Moose , Josh Mahura 1 (Jake Leschyshyn 3, Julien Gauthier 8) at 12:16
5. Marlies , Tyler Benson 1 (Otto Koivula 4) at 17:23
Penalties :
Kole Sherwood (Tor) for Tripping (Minor) at 1:29, Arthur Kaliyev (Tor) for Roughing (Double Minor) at 3:54, Anders Bjork (Man) for High sticking (Minor) at 13:47, Jaret Anderson-Dolan (Man) for Holding (Minor) at 16:58, Aleksi Saarela (Tor) for Slashing (Double Minor) at 17:02
3rd period
6. Marlies , Tyler Benson 2 (Pierre-Olivier Joseph 13, Kole Sherwood 3) at 0:10 (SH)
7. Moose , Nick Paul 5 (Jake Leschyshyn 4) at 5:36 (PP)
8. Marlies , Tyler Benson 3 (Pierre-Olivier Joseph 14) at 17:10
Penalties :
Tyler Benson (Tor) for Holding (Minor) at 5:35, Kole Sherwood (Tor) for High sticking (Minor) at 11:24, Jake Leschyshyn (Man) for Interference (Minor) at 15:53, Joel Farabee (Tor) for Holding (Minor) at 17:02
Goalie Stats
Filip Gustavsson (Man), 13 saves from 17 shots - (0.765), L, 4-4-1, 37:23 minutes
Daniel Vladar (Man), 8 saves from 10 shots - (0.800), 22:37 minutes
Logan Thompson (Tor), 24 saves from 26 shots - (0.923), W, 4-1-0, 60:00 minutes
Players Stats for Moose
Player Name G A P +/- PIM S H SB GA TA FO MP PP MP PK MP
------------------------------------------------------------------------------------
Anders Bjork 0 0 0 -1 2 2 3 0 2 0 0/0 17:13 6:32 1:05
Boris Katchouk 0 0 0 0 0 1 3 0 1 1 0/0 10:06 1:43 0:00
Caleb Jones 0 0 0 -2 0 0 2 0 1 1 0/0 19:09 5:01 1:52
Chase De Leo 0 0 0 -3 0 1 2 0 1 0 2/9 20:31 5:56 2:44
Jake Leschyshyn 0 2 2 -2 2 4 2 1 0 0 16/40 24:02 6:48 2:04
Jaret Anderson-Dolan 0 0 0 -1 2 0 2 1 0 0 2/4 9:10 0:25 1:35
Joey Keane 0 0 0 0 0 1 0 1 0 0 0/0 9:32 0:10 0:00
Josh Mahura 1 0 1 0 0 2 1 0 1 0 0/0 9:32 0:10 0:00
Julien Gauthier 0 1 1 -2 0 3 1 0 0 0 2/4 21:13 7:18 0:00
Juuso Valimaki 0 0 0 -2 0 0 2 0 0 0 0/0 19:09 5:01 1:52
Kieffer Bellows 0 0 0 0 0 0 2 0 0 0 0/1 8:40 0:50 0:00
Kristian Vesalainen 0 0 0 -1 0 0 1 0 0 0 0/0 8:21 0:50 0:33
Ludwig Bystrom 0 0 0 -3 0 1 3 1 2 2 0/0 31:19 9:30 2:51
Lukas Rousek 0 0 0 -1 0 3 1 0 0 0 0/0 7:11 0:00 0:00
Matthew Benning 0 0 0 -3 0 3 2 3 2 0 0/0 31:19 9:30 2:51
Mitchell Stephens 0 0 0 0 0 1 1 0 0 0 0/4 8:16 0:00 0:28
Nick Paul 1 0 1 -1 2 4 2 1 0 0 0/3 21:44 7:18 0:57
Vinni Lettieri 0 0 0 -1 0 0 0 0 0 0 0/0 15:33 6:23 0:00
Players Stats for Marlies
Player Name G A P +/- PIM S H SB GA TA FO MP PP MP PK MP
------------------------------------------------------------------------------------
Aleksi Saarela 1 1 2 2 4 5 1 0 0 0 24/35 23:37 2:30 6:31
Alex Formenton 0 0 0 0 0 1 3 2 0 0 0/0 12:07 0:03 2:14
Arthur Kaliyev 0 0 0 2 4 0 0 0 0 0 0/0 4:18 0:00 0:00
Dennis Gilbert 0 0 0 2 0 0 0 1 0 0 0/0 9:49 0:00 0:41
Hugh McGing 1 0 1 2 0 1 3 0 0 0 0/0 4:14 0:00 0:00
Isac Lundestrom 0 0 0 0 2 0 1 0 0 0 6/8 11:05 0:00 1:27
Jacob Bernard-Docker 0 0 0 2 0 0 1 0 0 0 0/0 9:49 0:00 0:41
Joel Farabee 0 0 0 0 2 4 2 3 0 3 1/1 13:37 2:08 0:09
Keaton Thompson 0 0 0 0 0 2 0 3 0 2 0/0 21:07 1:47 5:31
Kole Sherwood 0 1 1 1 4 0 2 0 0 1 2/2 12:28 0:03 2:39
Lucas Carlsson 0 0 0 3 0 0 1 1 1 0 0/0 29:04 2:56 8:29
Martin Necas 0 1 1 1 0 0 3 1 0 1 0/1 19:01 2:09 4:27
Mathieu Olivier 1 0 1 0 0 3 1 1 0 0 2/3 19:41 2:31 4:27
Matthew Highmore 0 0 0 1 2 0 3 0 0 1 4/6 13:50 2:08 0:00
Otto Koivula 0 1 1 1 0 0 0 0 0 0 3/8 3:48 0:03 0:00
Pierre-Olivier Joseph 0 2 2 3 0 3 2 3 2 2 0/0 29:04 2:56 8:29
Rasmus Dahlin 0 2 2 0 0 1 0 1 1 0 0/0 21:07 1:47 5:31
Tyler Benson 3 0 3 2 2 7 1 0 0 0 1/1 24:12 2:31 7:28
3 Stars
1 - Tyler Benson (Tor)
2 - Pierre-Olivier Joseph (Tor)
3 - Hugh McGing (Tor)
Power Play
Moose - 1 on 10 Attempt(s) - 10.00%
Marlies - 0 on 4 Attempt(s) - 0.00%
Penalty Kill
Moose - 4 on 4 Attempt(s) - 100.00%
- Score 0 goal in Penalty Kill
Marlies - 9 on 10 Attempt(s) - 90.00%
- Score 1 goal in Penalty Kill
Team Stat
Moose - Hits : 30 - Faceoff Wins : 22 - Blocked Shots : 8 - Penalty Minutes : 8
Marlies - Hits : 24 - Faceoff Wins : 43 - Blocked Shots : 16 - Penalty Minutes : 20
Official
Referees : Conor O'Donnell and Frederick L'Ecuyer
Linesman : Tony Sericolo and Steve Miller
Game Notes
Daniel Vladar enters game at 17:23 of 2nd period
Tyler Benson has scored a Hat Trick!
Finance
Level 1 -- Attendance: 1765 (88.25%) -- Ticket Income $123,550
Level 2 -- Attendance: 918 (91.80%) -- Ticket Income $36,720
Total Attendance: 2683 (89.43%)
Total Ticket Income: $160,270
Other Income: $8,014
Total Income: $168,284
Moose
5 vs 5 Forward
Center Left Wing Right Wing Time % Phy DF OF
1 Jake Leschyshyn Nick Paul Julien Gauthier 40 1 2 2
2 Chase De Leo Anders Bjork Vinni Lettieri 30 1 2 2
3 Mitchell Stephens Boris Katchouk Kieffer Bellows 20 1 2 2
4 Jaret Anderson-Dolan Kristian Vesalainen Lukas Rousek 10 1 2 2
5 vs 5 Defense
Defense Defense Time % Phy DF OF
1 Ludwig Bystrom Matthew Benning 40 1 2 2
2 Juuso Valimaki Caleb Jones 30 1 2 2
3 Josh Mahura Joey Keane 20 1 2 2
4 Ludwig Bystrom Matthew Benning 10 1 2 2
PowerPlay Forward
Center Left Wing Right Wing Time % Phy DF OF
1 Jake Leschyshyn Nick Paul Julien Gauthier 60 1 2 2
2 Chase De Leo Anders Bjork Vinni Lettieri 40 1 2 2
PowerPlay Defense
Defense Defense Time % Phy DF OF
1 Ludwig Bystrom Matthew Benning 60 1 2 2
2 Juuso Valimaki Caleb Jones 40 1 2 2
Penalty Kill 4 Players Forward
Center Wing Time % Phy DF OF
1 Jake Leschyshyn Chase De Leo 60 1 2 2
2 Nick Paul Anders Bjork 40 1 2 2
Penalty Kill 4 Players Defense
Defense Defense Time % Phy DF OF
1 Ludwig Bystrom Matthew Benning 60 1 2 2
2 Juuso Valimaki Caleb Jones 40 1 2 2
Penalty Kill - 3 Players Forward
Forward Time % Phy DF OF
1 Jake Leschyshyn 60 1 2 2
2 Chase De Leo 40 1 2 2
Penalty Kill - 3 Players Defense
Defense Defense Time % Phy DF OF
1 Ludwig Bystrom Matthew Benning 60 1 2 2
2 Juuso Valimaki Caleb Jones 40 1 2 2
4 vs 4 Forward
Center Wing Time % Phy DF OF
1 Jake Leschyshyn Chase De Leo 60 1 2 2
2 Nick Paul Anders Bjork 40 1 2 2
4 vs 4 Defense
Defense Defense Time % Phy DF OF
1 Ludwig Bystrom Matthew Benning 60 1 2 2
2 Juuso Valimaki Caleb Jones 40 1 2 2
Last Minutes Offensive
Center Left Wing Right Wing Defense Defense
Jake Leschyshyn Nick Paul Julien Gauthier Ludwig Bystrom Matthew Benning
Last Minutes Defensive
Center Left Wing Right Wing Defense Defense
Chase De Leo Nick Paul Julien Gauthier Ludwig Bystrom Matthew Benning
Goaltenders
Starting : Filip Gustavsson
Backup : Daniel Vladar
Extra Forwards
Normal : Julien Gauthier, Boris Katchouk, Jake Leschyshyn - PP : Jake Leschyshyn, Boris Katchouk - PK : Jake Leschyshyn
Extra Defensemen
Normal : Josh Mahura, Joey Keane, Juuso Valimaki - PP : Josh Mahura - PK : Joey Keane, Juuso Valimaki
Penalty Shots
Jake Leschyshyn, Chase De Leo, Nick Paul, Anders Bjork, Julien Gauthier
Custom OT Lines Forwards
Jake Leschyshyn, Chase De Leo, Nick Paul, Anders Bjork, Julien Gauthier, Vinni Lettieri, Boris Katchouk, Kieffer Bellows, Mitchell Stephens, Lukas Rousek
Custom OT Lines Defensemen
Ludwig Bystrom, Matthew Benning, Juuso Valimaki, Caleb Jones, Josh Mahura
Scratches
Riley Damiani (Healthy), Alexander Khovanov (Healthy), Nelson Nogier (Healthy), Adam Ginning (Healthy), Jonny Tychonick (Healthy)
Max Jones (Healthy), Nathan Bastian (Healthy), William Bitten (Healthy), Jonatan Berggren (Healthy), Juuso Parssinen (Healthy)
Joey Daccord (Healthy), Karel Vejmelka (Healthy)
Marlies
5 vs 5 Forward
Center Left Wing Right Wing Time % Phy DF OF
1 Aleksi Saarela Tyler Benson Mathieu Olivier 40 1 2 2
2 Matthew Highmore Joel Farabee Martin Necas 30 1 2 2
3 Isac Lundestrom Alex Formenton Kole Sherwood 20 1 2 2
4 Aleksi Saarela Hugh McGing Arthur Kaliyev 10 1 2 2
5 vs 5 Defense
Defense Defense Time % Phy DF OF
1 Pierre-Olivier Joseph Lucas Carlsson 40 1 2 2
2 Rasmus Dahlin Keaton Thompson 30 1 2 2
3 Dennis Gilbert Jacob Bernard-Docker 20 1 2 2
4 Pierre-Olivier Joseph Lucas Carlsson 10 1 2 2
PowerPlay Forward
Center Left Wing Right Wing Time % Phy DF OF
1 Aleksi Saarela Tyler Benson Mathieu Olivier 60 1 2 2
2 Matthew Highmore Joel Farabee Martin Necas 40 1 2 2
PowerPlay Defense
Defense Defense Time % Phy DF OF
1 Pierre-Olivier Joseph Lucas Carlsson 60 1 2 2
2 Rasmus Dahlin Keaton Thompson 40 1 2 2
Penalty Kill 4 Players Forward
Center Wing Time % Phy DF OF
1 Aleksi Saarela Tyler Benson 60 1 2 2
2 Mathieu Olivier Martin Necas 40 1 2 2
Penalty Kill 4 Players Defense
Defense Defense Time % Phy DF OF
1 Pierre-Olivier Joseph Lucas Carlsson 60 1 2 2
2 Rasmus Dahlin Keaton Thompson 40 1 2 2
Penalty Kill - 3 Players Forward
Forward Time % Phy DF OF
1 Aleksi Saarela 60 1 2 2
2 Tyler Benson 40 1 2 2
Penalty Kill - 3 Players Defense
Defense Defense Time % Phy DF OF
1 Pierre-Olivier Joseph Lucas Carlsson 60 1 2 2
2 Rasmus Dahlin Keaton Thompson 40 1 2 2
4 vs 4 Forward
Center Wing Time % Phy DF OF
1 Aleksi Saarela Tyler Benson 60 1 2 2
2 Mathieu Olivier Martin Necas 40 1 2 2
4 vs 4 Defense
Defense Defense Time % Phy DF OF
1 Pierre-Olivier Joseph Lucas Carlsson 60 1 2 2
2 Rasmus Dahlin Keaton Thompson 40 1 2 2
Last Minutes Offensive
Center Left Wing Right Wing Defense Defense
Aleksi Saarela Tyler Benson Mathieu Olivier Pierre-Olivier Joseph Lucas Carlsson
Last Minutes Defensive
Center Left Wing Right Wing Defense Defense
Aleksi Saarela Tyler Benson Mathieu Olivier Pierre-Olivier Joseph Lucas Carlsson
Goaltenders
Starting : Logan Thompson
Backup : Maxime Lagace
Extra Forwards
Normal : Otto Koivula, Alex Formenton, Kole Sherwood - PP : Otto Koivula, Alex Formenton - PK : Kole Sherwood
Extra Defensemen
Normal : Dennis Gilbert, Jacob Bernard-Docker, Rasmus Dahlin - PP : Dennis Gilbert - PK : Jacob Bernard-Docker, Rasmus Dahlin
Penalty Shots
Aleksi Saarela, Tyler Benson, Mathieu Olivier, Martin Necas, Joel Farabee
Custom OT Lines Forwards
Aleksi Saarela, Tyler Benson, Mathieu Olivier, Martin Necas, Joel Farabee, Alex Formenton, Kole Sherwood, Matthew Highmore, Hugh McGing, Isac Lundestrom
Custom OT Lines Defensemen
Pierre-Olivier Joseph, Lucas Carlsson, Rasmus Dahlin, Keaton Thompson, Dennis Gilbert
Scratches
Lias Andersson (Suspend), Jonathan Gruden (Healthy), Jakob Forsbacka-Karlsson (Healthy), Dmitri Samorukov (Healthy), Xavier Bernard (Healthy)
Jonathan Davidsson (Healthy), Jan Jenik (Healthy), Blake Murray (Healthy), Vasili Podkolzin (Healthy), Samuel Fagemo (Healthy)
Veini Vehvilainen (Healthy), Matthew Thiessen (Healthy)
% Time on Ice - Moose
Lines # - Real PCT - Wanted PCT - Time Play
Normal Forward
1 - 35% - 40% - 13:14
2 - 25% - 30% - 9:10
3 - 21% - 20% - 7:48
4 - 19% - 10% - 7:11
Normal Defense
1 - 41% - 40% - 15:17
2 - 31% - 30% - 11:41
3 - 24% - 20% - 9:00
4 - 4% - 10% - 1:25
PP Forward
1 - 52% - 60% - 7:41
2 - 48% - 40% - 7:00
PP Defense
1 - 65% - 60% - 9:30
2 - 35% - 40% - 5:11
PK Forward
1 - 82% - 60% - 3:51
2 - 18% - 40% - 0:52
PK Defense
1 - 60% - 60% - 2:51
2 - 40% - 40% - 1:52
PK3 Forward
1 - 0% - 60%
2 - 0% - 40%
PK3 Defense
1 - 0% - 60%
2 - 0% - 40%
44 Forward
1 - 91% - 60% - 2:55
2 - 9% - 40% - 0:18
44 Defense
1 - 70% - 60% - 2:16
2 - 30% - 40% - 0:57
Last Minute Offensive - 0:00
Last Minute Defensive - 0:00
Total
Forward - 60:00
Defense - 60:00
|
% Time on Ice - Marlies
Lines # - Real PCT - Wanted PCT - Time Play
Normal Forward
1 - 31% - 40% - 11:45
2 - 33% - 30% - 12:16
3 - 24% - 20% - 9:08
4 - 11% - 10% - 4:14
Normal Defense
1 - 39% - 40% - 14:37
2 - 34% - 30% - 12:40
3 - 24% - 20% - 9:08
4 - 3% - 10% - 0:58
PP Forward
1 - 54% - 60% - 2:34
2 - 46% - 40% - 2:09
PP Defense
1 - 62% - 60% - 2:56
2 - 38% - 40% - 1:47
PK Forward
1 - 70% - 60% - 10:14
2 - 30% - 40% - 4:27
PK Defense
1 - 60% - 60% - 8:50
2 - 40% - 40% - 5:51
PK3 Forward
1 - 0% - 60%
2 - 0% - 40%
PK3 Defense
1 - 0% - 60%
2 - 0% - 40%
44 Forward
1 - 95% - 60% - 3:04
2 - 5% - 40% - 0:09
44 Defense
1 - 64% - 60% - 2:04
2 - 36% - 40% - 1:09
Last Minute Offensive - 0:00
Last Minute Defensive - 0:00
Total
Forward - 60:00
Defense - 60:00
|
Play-by-Play
1st period
0:01 of 1st period - Aleksi Saarela wins face-off versus Jake Leschyshyn in neutral zone.
0:31 of 1st period - Snap shot by Joel Farabee.
0:31 of 1st period - Shot Misses the Net.
0:33 of 1st period - Slapshot by Keaton Thompson.
0:33 of 1st period - Stopped by Filip Gustavsson with a rebound.
0:35 of 1st period - Slapshot by Keaton Thompson.
0:35 of 1st period - Shot Blocked by Matthew Benning.
1:22 of 1st period - Matthew Benning is hit by Hugh McGing and loses puck.
1:29 of 1st period - Aleksi Saarela is hit by Ludwig Bystrom and loses puck.
1:50 of 1st period - Slapshot by Julien Gauthier.
1:50 of 1st period - Stopped by Logan Thompson with a rebound.
2:02 of 1st period - Wrist shot by Aleksi Saarela.
2:02 of 1st period - Stopped by Filip Gustavsson without a rebound.
2:03 of 1st period - Aleksi Saarela wins face-off versus Mitchell Stephens in Moose zone.
2:04 of 1st period - Snap shot by Tyler Benson.
2:04 of 1st period - Shot Misses the Net.
2:29 of 1st period - Josh Mahura is hit by Kole Sherwood and loses puck.
2:55 of 1st period - Josh Mahura is hit by Joel Farabee and loses puck.
3:25 of 1st period - Icing by Julien Gauthier.
3:26 of 1st period - Isac Lundestrom wins face-off versus Julien Gauthier in Moose zone.
4:01 of 1st period - Caleb Jones is hit by Martin Necas and loses puck.
4:22 of 1st period - Slapshot by Ludwig Bystrom.
4:22 of 1st period - Shot Blocked by Joel Farabee.
5:03 of 1st period - Snap shot by Jake Leschyshyn.
5:03 of 1st period - Shot Misses the Net.
5:41 of 1st period - Snap shot by Tyler Benson.
5:41 of 1st period - Shot Misses the Net.
5:43 of 1st period - Slapshot by Mathieu Olivier.
5:43 of 1st period - Stopped by Filip Gustavsson without a rebound.
5:44 of 1st period - Jaret Anderson-Dolan wins face-off versus Otto Koivula in Moose zone.
5:55 of 1st period - Wrist shot by Mathieu Olivier.
5:55 of 1st period - Shot Blocked by Jaret Anderson-Dolan.
5:57 of 1st period - Wrist shot by Keaton Thompson.
5:57 of 1st period - Stopped by Filip Gustavsson without a rebound.
5:58 of 1st period - Aleksi Saarela wins face-off versus Nick Paul in Moose zone.
6:05 of 1st period - Wrist shot by Mathieu Olivier.
6:05 of 1st period - Shot Misses the Net.
6:13 of 1st period - Snap shot by Tyler Benson.
6:13 of 1st period - Stopped by Filip Gustavsson with a rebound.
6:23 of 1st period - Vinni Lettieri is hit by Matthew Highmore and loses puck.
6:56 of 1st period - Wrist shot by Alex Formenton.
6:56 of 1st period - Shot Blocked by Joey Keane.
7:30 of 1st period - Wrist shot by Lukas Rousek.
7:30 of 1st period - Stopped by Logan Thompson with a rebound.
7:32 of 1st period - Snap shot by Jaret Anderson-Dolan.
7:32 of 1st period - Shot Misses the Net.
8:04 of 1st period - Kole Sherwood is hit by Nick Paul and loses puck.
8:12 of 1st period - Snap shot by Alex Formenton.
8:12 of 1st period - Shot Misses the Net.
8:14 of 1st period - Slapshot by Kole Sherwood.
8:14 of 1st period - Shot Blocked by Matthew Benning.
9:06 of 1st period - Juuso Valimaki is hit by Alex Formenton and loses puck.
9:39 of 1st period - Lucas Carlsson is hit by Anders Bjork and loses puck.
9:46 of 1st period - Tyler Benson is hit by Caleb Jones and loses puck.
10:06 of 1st period - Jake Leschyshyn is hit by Alex Formenton and loses puck.
10:21 of 1st period - Joel Farabee is hit by Kieffer Bellows and loses puck.
10:25 of 1st period - Icing by Matthew Highmore.
10:26 of 1st period - Matthew Highmore wins face-off versus Kieffer Bellows in Marlies zone.
10:53 of 1st period - Ludwig Bystrom is hit by Pierre-Olivier Joseph and loses puck.
11:05 of 1st period - Off-side.
11:06 of 1st period - Jake Leschyshyn wins face-off versus Aleksi Saarela in neutral zone.
11:11 of 1st period - Tyler Benson is hit by Caleb Jones and loses puck.
11:32 of 1st period - Chase De Leo is hit by Isac Lundestrom and loses puck.
11:51 of 1st period - Snap shot by Aleksi Saarela.
11:51 of 1st period - Stopped by Filip Gustavsson with a rebound.
11:53 of 1st period - Backhand shot by Aleksi Saarela.
11:53 of 1st period - Shot Misses the Net.
11:55 of 1st period - Snap shot by Aleksi Saarela.
11:55 of 1st period - Goal by Aleksi Saarela - Moose : 0 - Marlies : 1.
11:56 of 1st period - Aleksi Saarela wins face-off versus Jake Leschyshyn in neutral zone.
12:22 of 1st period - Ludwig Bystrom is hit by Joel Farabee and loses puck.
12:31 of 1st period - Chase De Leo is hit by Matthew Highmore and loses puck.
12:46 of 1st period - Alex Formenton is hit by Jaret Anderson-Dolan and loses puck.
12:52 of 1st period - Off-side.
12:53 of 1st period - Aleksi Saarela wins face-off versus Jake Leschyshyn in neutral zone.
13:02 of 1st period - Snap shot by Nick Paul.
13:02 of 1st period - Deflect By Tyler Benson.
13:02 of 1st period - Shot Misses the Net.
13:02 of 1st period - Puck is out of play.
13:03 of 1st period - Aleksi Saarela wins face-off versus Jake Leschyshyn in Marlies zone.
13:03 of 1st period - Aleksi Saarela is hit by Matthew Benning.
13:16 of 1st period - Minor Penalty to Nick Paul for Roughing.
13:17 of 1st period - Jake Leschyshyn wins face-off versus Aleksi Saarela in Moose zone.
13:17 of 1st period - Jake Leschyshyn is hit by Lucas Carlsson.
13:46 of 1st period - Jake Leschyshyn is hit by Matthew Highmore and loses puck.
14:47 of 1st period - Minor Penalty to Matthew Highmore for Tripping.
14:48 of 1st period - Jake Leschyshyn wins face-off versus Aleksi Saarela in Marlies zone.
14:55 of 1st period - Wrist shot by Chase De Leo.
14:55 of 1st period - Deflect By Jake Leschyshyn.
14:55 of 1st period - Stopped by Logan Thompson with a rebound.
15:16 of 1st period - Penalty to Nick Paul is over, Nick Paul is back on ice.
16:47 of 1st period - Penalty to Matthew Highmore is over, Matthew Highmore is back on ice.
16:49 of 1st period - Icing by Rasmus Dahlin.
16:50 of 1st period - Jake Leschyshyn wins face-off versus Mathieu Olivier in Marlies zone.
17:07 of 1st period - Keaton Thompson is hit by Lukas Rousek and loses puck.
17:13 of 1st period - Icing by Martin Necas.
17:14 of 1st period - Mathieu Olivier wins face-off versus Jake Leschyshyn in Marlies zone.
17:19 of 1st period - Wrist shot by Mathieu Olivier.
17:19 of 1st period - Goal by Mathieu Olivier - Moose : 0 - Marlies : 2.
17:20 of 1st period - Jake Leschyshyn wins face-off versus Aleksi Saarela in neutral zone.
17:48 of 1st period - Pierre-Olivier Joseph is hit by Chase De Leo.
17:56 of 1st period - Matthew Highmore is hit by Matthew Benning and loses puck.
18:12 of 1st period - Slapshot by Lucas Carlsson.
18:12 of 1st period - Shot Blocked by Matthew Benning.
18:14 of 1st period - Wrist shot by Joel Farabee.
18:14 of 1st period - Stopped by Filip Gustavsson without a rebound.
18:15 of 1st period - Aleksi Saarela wins face-off versus Nick Paul in Moose zone.
18:24 of 1st period - Snap shot by Mathieu Olivier.
18:24 of 1st period - Shot Misses the Net.
18:47 of 1st period - Snap shot by Kieffer Bellows.
18:47 of 1st period - Shot Misses the Net.
18:54 of 1st period - Minor Penalty to Isac Lundestrom for Delaying the game.
18:55 of 1st period - Aleksi Saarela wins face-off versus Nick Paul in Marlies zone.
18:55 of 1st period - Aleksi Saarela is hit by Jake Leschyshyn.
Goals for this period are 0 for Moose vs 2 for Marlies.
Shots for this period are 3 for Moose vs 9 for Marlies.
2nd period
0:01 of 2nd period - Jake Leschyshyn wins face-off versus Aleksi Saarela in neutral zone.
0:54 of 2nd period - Penalty to Isac Lundestrom is over, Isac Lundestrom is back on ice.
1:04 of 2nd period - Wrist shot by Josh Mahura.
1:04 of 2nd period - Shot Misses the Net.
1:06 of 2nd period - Slapshot by Joey Keane.
1:06 of 2nd period - Shot Misses the Net.
1:10 of 2nd period - Snap shot by Jaret Anderson-Dolan.
1:10 of 2nd period - Deflect By Lukas Rousek.
1:10 of 2nd period - Shot Misses the Net.
1:10 of 2nd period - Puck is out of play.
1:11 of 2nd period - Jake Leschyshyn wins face-off versus Isac Lundestrom in Marlies zone.
1:14 of 2nd period - Snap shot by Nick Paul.
1:14 of 2nd period - Stopped by Logan Thompson with a rebound.
1:16 of 2nd period - Slapshot by Joey Keane.
1:16 of 2nd period - Shot Misses the Net.
1:18 of 2nd period - Slapshot by Joey Keane.
1:18 of 2nd period - Stopped by Logan Thompson without a rebound.
1:19 of 2nd period - Isac Lundestrom wins face-off versus Jake Leschyshyn in Marlies zone.
1:29 of 2nd period - Minor Penalty to Kole Sherwood for Tripping.
1:30 of 2nd period - Jake Leschyshyn wins face-off versus Aleksi Saarela in Marlies zone.
1:42 of 2nd period - Slapshot by Matthew Benning.
1:42 of 2nd period - Deflect By Pierre-Olivier Joseph.
1:42 of 2nd period - Stopped by Logan Thompson without a rebound.
1:43 of 2nd period - Aleksi Saarela wins face-off versus Jake Leschyshyn in Marlies zone.
2:08 of 2nd period - Aleksi Saarela is hit by Anders Bjork and loses puck.
3:18 of 2nd period - Icing by Anders Bjork.
3:19 of 2nd period - Chase De Leo wins face-off versus Isac Lundestrom in Moose zone.
3:29 of 2nd period - Penalty to Kole Sherwood is over, Kole Sherwood is back on ice.
3:51 of 2nd period - Icing by Ludwig Bystrom.
3:52 of 2nd period - Aleksi Saarela wins face-off versus Mitchell Stephens in Moose zone.
3:54 of 2nd period - Double Minor Penalty to Arthur Kaliyev for Roughing.
3:55 of 2nd period - Tyler Benson wins face-off versus Jake Leschyshyn in Marlies zone.
4:05 of 2nd period - Snap shot by Julien Gauthier.
4:05 of 2nd period - Stopped by Logan Thompson with a rebound.
4:07 of 2nd period - Snap shot by Matthew Benning.
4:07 of 2nd period - Shot Blocked by Pierre-Olivier Joseph.
6:18 of 2nd period - Lucas Carlsson is hit by Kristian Vesalainen and loses puck.
6:29 of 2nd period - Slapshot by Juuso Valimaki.
6:29 of 2nd period - Shot Blocked by Mathieu Olivier.
6:31 of 2nd period - Snap shot by Boris Katchouk.
6:31 of 2nd period - Shot Misses the Net.
7:21 of 2nd period - Kole Sherwood is hit by Kieffer Bellows.
7:54 of 2nd period - Penalty to Arthur Kaliyev is over, Arthur Kaliyev is back on ice.
8:42 of 2nd period - Boris Katchouk is hit by Aleksi Saarela and loses puck.
8:59 of 2nd period - Dennis Gilbert is hit by Josh Mahura.
9:32 of 2nd period - Aleksi Saarela is hit by Ludwig Bystrom and loses puck.
9:59 of 2nd period - Icing by Rasmus Dahlin.
10:00 of 2nd period - Jaret Anderson-Dolan wins face-off versus Otto Koivula in Marlies zone.
10:24 of 2nd period - Pierre-Olivier Joseph is hit by Boris Katchouk and loses puck.
10:37 of 2nd period - Joel Farabee is hit by Juuso Valimaki and loses puck.
10:44 of 2nd period - Joel Farabee is hit by Julien Gauthier and loses puck.
11:01 of 2nd period - Slapshot by Rasmus Dahlin.
11:01 of 2nd period - Shot Misses the Net.
11:03 of 2nd period - Wrist shot by Hugh McGing.
11:03 of 2nd period - Goal by Hugh McGing - Moose : 0 - Marlies : 3.
11:04 of 2nd period - Aleksi Saarela wins face-off versus Jake Leschyshyn in neutral zone.
11:08 of 2nd period - Rasmus Dahlin is hit by Ludwig Bystrom and loses puck.
11:36 of 2nd period - Wrist shot by Vinni Lettieri.
11:36 of 2nd period - Shot Misses the Net.
11:38 of 2nd period - Slapshot by Caleb Jones.
11:38 of 2nd period - Shot Blocked by Martin Necas.
11:40 of 2nd period - Wrist shot by Vinni Lettieri.
11:40 of 2nd period - Shot Blocked by Rasmus Dahlin.
12:14 of 2nd period - Snap shot by Jake Leschyshyn.
12:14 of 2nd period - Shot Misses the Net.
12:16 of 2nd period - Slapshot by Josh Mahura.
12:16 of 2nd period - Goal by Josh Mahura - Moose : 1 - Marlies : 3.
12:17 of 2nd period - Aleksi Saarela wins face-off versus Jake Leschyshyn in neutral zone.
12:22 of 2nd period - Slapshot by Pierre-Olivier Joseph.
12:22 of 2nd period - Stopped by Filip Gustavsson with a rebound.
12:24 of 2nd period - Wrist shot by Mathieu Olivier.
12:24 of 2nd period - Shot Blocked by Nick Paul.
12:26 of 2nd period - Slapshot by Mathieu Olivier.
12:26 of 2nd period - Deflect By Aleksi Saarela.
12:26 of 2nd period - Shot Blocked by Jake Leschyshyn.
12:26 of 2nd period - Puck is out of play.
12:27 of 2nd period - Jake Leschyshyn wins face-off versus Aleksi Saarela in Moose zone.
13:08 of 2nd period - Backhand shot by Nick Paul.
13:08 of 2nd period - Shot Misses the Net.
13:28 of 2nd period - Wrist shot by Jake Leschyshyn.
13:28 of 2nd period - Stopped by Logan Thompson without a rebound.
13:29 of 2nd period - Matthew Highmore wins face-off versus Chase De Leo in Marlies zone.
13:40 of 2nd period - Wrist shot by Joel Farabee.
13:40 of 2nd period - Stopped by Filip Gustavsson without a rebound.
13:41 of 2nd period - Matthew Highmore wins face-off versus Chase De Leo in Moose zone.
13:44 of 2nd period - Slapshot by Joel Farabee.
13:44 of 2nd period - Stopped by Filip Gustavsson without a rebound.
13:45 of 2nd period - Chase De Leo wins face-off versus Martin Necas in Moose zone.
13:47 of 2nd period - Minor Penalty to Anders Bjork for High sticking.
13:48 of 2nd period - Aleksi Saarela wins face-off versus Jake Leschyshyn in Moose zone.
14:27 of 2nd period - Snap shot by Joel Farabee.
14:27 of 2nd period - Stopped by Filip Gustavsson with a rebound.
15:14 of 2nd period - Joel Farabee is hit by Chase De Leo and loses puck.
15:47 of 2nd period - Penalty to Anders Bjork is over, Anders Bjork is back on ice.
15:56 of 2nd period - Slapshot by Boris Katchouk.
15:56 of 2nd period - Stopped by Logan Thompson with a rebound.
15:58 of 2nd period - Wrist shot by Kieffer Bellows.
15:58 of 2nd period - Deflect By Mitchell Stephens.
15:58 of 2nd period - Shot Misses the Net.
15:58 of 2nd period - Puck is out of play.
15:59 of 2nd period - Isac Lundestrom wins face-off versus Mitchell Stephens in Marlies zone.
16:04 of 2nd period - Mitchell Stephens is hit by Jacob Bernard-Docker and loses puck.
16:11 of 2nd period - Alex Formenton is hit by Boris Katchouk and loses puck.
16:46 of 2nd period - Jacob Bernard-Docker is hit by Juuso Valimaki and loses puck.
16:58 of 2nd period - Minor Penalty to Jaret Anderson-Dolan for Holding.
16:59 of 2nd period - Aleksi Saarela wins face-off versus Jake Leschyshyn in Moose zone.
17:02 of 2nd period - Double Minor Penalty to Aleksi Saarela for Slashing.
17:03 of 2nd period - Jake Leschyshyn wins face-off versus Otto Koivula in Marlies zone.
17:05 of 2nd period - Snap shot by Jake Leschyshyn.
17:05 of 2nd period - Shot Misses the Net.
17:07 of 2nd period - Snap shot by Jake Leschyshyn.
17:07 of 2nd period - Shot Misses the Net.
17:09 of 2nd period - Slapshot by Chase De Leo.
17:09 of 2nd period - Stopped by Logan Thompson without a rebound.
17:10 of 2nd period - Otto Koivula wins face-off versus Jake Leschyshyn in Marlies zone.
17:17 of 2nd period - Slapshot by Tyler Benson.
17:17 of 2nd period - Stopped by Filip Gustavsson without a rebound.
17:18 of 2nd period - Otto Koivula wins face-off versus Jake Leschyshyn in Moose zone.
17:21 of 2nd period - Snap shot by Tyler Benson.
17:21 of 2nd period - Stopped by Filip Gustavsson with a rebound.
17:23 of 2nd period - Snap shot by Tyler Benson.
17:23 of 2nd period - Goal by Tyler Benson - Moose : 1 - Marlies : 4.
17:23 of 2nd period - Daniel Vladar enters game.
17:24 of 2nd period - Jake Leschyshyn wins face-off versus Otto Koivula in neutral zone.
17:31 of 2nd period - Snap shot by Chase De Leo.
17:31 of 2nd period - Shot Misses the Net.
17:33 of 2nd period - Slapshot by Ludwig Bystrom.
17:33 of 2nd period - Shot Blocked by Lucas Carlsson.
17:35 of 2nd period - Snap shot by Ludwig Bystrom.
17:35 of 2nd period - Stopped by Logan Thompson without a rebound.
17:36 of 2nd period - Jake Leschyshyn wins face-off versus Otto Koivula in Marlies zone.
17:41 of 2nd period - Wrist shot by Jake Leschyshyn.
17:41 of 2nd period - Stopped by Logan Thompson with a rebound.
17:47 of 2nd period - Wrist shot by Chase De Leo.
17:47 of 2nd period - Deflect By Jake Leschyshyn.
17:47 of 2nd period - Stopped by Logan Thompson without a rebound.
17:48 of 2nd period - Otto Koivula wins face-off versus Jake Leschyshyn in Marlies zone.
18:13 of 2nd period - Ludwig Bystrom is hit by Tyler Benson and loses puck.
18:58 of 2nd period - Penalty to Jaret Anderson-Dolan is over, Jaret Anderson-Dolan is back on ice.
Goals for this period are 1 for Moose vs 2 for Marlies.
Shots for this period are 11 for Moose vs 8 for Marlies.
3rd period
0:01 of 3rd period - Kole Sherwood wins face-off versus Julien Gauthier in neutral zone.
0:10 of 3rd period - Wrist shot by Tyler Benson.
0:10 of 3rd period - Goal by Tyler Benson - Moose : 1 - Marlies : 5.
0:11 of 3rd period - Kole Sherwood wins face-off versus Jake Leschyshyn in neutral zone.
0:33 of 3rd period - Icing by Julien Gauthier.
0:34 of 3rd period - Isac Lundestrom wins face-off versus Chase De Leo in Moose zone.
1:02 of 3rd period - Penalty to Aleksi Saarela is over, Aleksi Saarela is back on ice.
1:02 of 3rd period - Icing by Jake Leschyshyn.
1:03 of 3rd period - Jake Leschyshyn wins face-off versus Matthew Highmore in Moose zone.
1:03 of 3rd period - Jake Leschyshyn is hit by Martin Necas.
1:17 of 3rd period - Snap shot by Rasmus Dahlin.
1:17 of 3rd period - Shot Blocked by Ludwig Bystrom.
1:20 of 3rd period - Icing by Ludwig Bystrom.
1:21 of 3rd period - Aleksi Saarela wins face-off versus Jake Leschyshyn in Moose zone.
1:48 of 3rd period - Snap shot by Julien Gauthier.
1:48 of 3rd period - Shot Misses the Net.
2:08 of 3rd period - Slapshot by Nick Paul.
2:08 of 3rd period - Stopped by Logan Thompson with a rebound.
2:10 of 3rd period - Wrist shot by Matthew Benning.
2:10 of 3rd period - Stopped by Logan Thompson with a rebound.
2:12 of 3rd period - Slapshot by Matthew Benning.
2:12 of 3rd period - Deflect By Alex Formenton.
2:12 of 3rd period - Stopped by Logan Thompson with a rebound.
2:14 of 3rd period - Wrist shot by Nick Paul.
2:14 of 3rd period - Deflect By Julien Gauthier.
2:14 of 3rd period - Shot Blocked by Pierre-Olivier Joseph.
2:14 of 3rd period - Puck is out of play.
2:15 of 3rd period - Aleksi Saarela wins face-off versus Chase De Leo in Marlies zone.
2:24 of 3rd period - Backhand shot by Aleksi Saarela.
2:24 of 3rd period - Stopped by Daniel Vladar with a rebound.
2:26 of 3rd period - Snap shot by Tyler Benson.
2:26 of 3rd period - Shot Misses the Net.
2:28 of 3rd period - Snap shot by Mathieu Olivier.
2:28 of 3rd period - Shot Misses the Net.
2:40 of 3rd period - Caleb Jones is hit by Martin Necas.
2:57 of 3rd period - Icing by Boris Katchouk.
2:58 of 3rd period - Isac Lundestrom wins face-off versus Jaret Anderson-Dolan in Moose zone.
3:14 of 3rd period - Snap shot by Alex Formenton.
3:14 of 3rd period - Stopped by Daniel Vladar with a rebound.
3:54 of 3rd period - Wrist shot by Nick Paul.
3:54 of 3rd period - Shot Misses the Net.
3:56 of 3rd period - Slapshot by Joey Keane.
3:56 of 3rd period - Deflect By Julien Gauthier.
3:56 of 3rd period - Shot Misses the Net.
3:56 of 3rd period - Puck is out of play.
3:57 of 3rd period - Aleksi Saarela wins face-off versus Chase De Leo in Marlies zone.
4:09 of 3rd period - Snap shot by Aleksi Saarela.
4:09 of 3rd period - Stopped by Daniel Vladar with a rebound.
4:27 of 3rd period - Lucas Carlsson is hit by Nick Paul and loses puck.
5:31 of 3rd period - Wrist shot by Nick Paul.
5:31 of 3rd period - Stopped by Logan Thompson without a rebound.
5:32 of 3rd period - Aleksi Saarela wins face-off versus Jake Leschyshyn in Marlies zone.
5:32 of 3rd period - Aleksi Saarela is hit by Jake Leschyshyn.
5:35 of 3rd period - Minor Penalty to Tyler Benson for Holding.
5:36 of 3rd period - Jake Leschyshyn wins face-off versus Aleksi Saarela in Marlies zone.
5:36 of 3rd period - Slapshot by Nick Paul.
5:36 of 3rd period - Goal by Nick Paul - Moose : 2 - Marlies : 5.
5:37 of 3rd period - Aleksi Saarela wins face-off versus Jake Leschyshyn in neutral zone.
5:40 of 3rd period - Snap shot by Mathieu Olivier.
5:40 of 3rd period - Stopped by Daniel Vladar without a rebound.
5:41 of 3rd period - Aleksi Saarela wins face-off versus Jake Leschyshyn in Moose zone.
6:06 of 3rd period - Snap shot by Aleksi Saarela.
6:06 of 3rd period - Deflect By Tyler Benson.
6:06 of 3rd period - Stopped by Daniel Vladar with a rebound.
6:59 of 3rd period - Backhand shot by Pierre-Olivier Joseph.
6:59 of 3rd period - Stopped by Daniel Vladar without a rebound.
7:00 of 3rd period - Matthew Highmore wins face-off versus Chase De Leo in Moose zone.
7:03 of 3rd period - Snap shot by Joel Farabee.
7:03 of 3rd period - Shot Misses the Net.
7:27 of 3rd period - Rasmus Dahlin is hit by Mitchell Stephens and loses puck.
7:32 of 3rd period - Snap shot by Boris Katchouk.
7:32 of 3rd period - Shot Blocked by Alex Formenton.
7:46 of 3rd period - Wrist shot by Lukas Rousek.
7:46 of 3rd period - Stopped by Logan Thompson with a rebound.
7:48 of 3rd period - Snap shot by Lukas Rousek.
7:48 of 3rd period - Shot Misses the Net.
7:50 of 3rd period - Slapshot by Joey Keane.
7:50 of 3rd period - Shot Blocked by Dennis Gilbert.
7:56 of 3rd period - Lukas Rousek is hit by Hugh McGing and loses puck.
8:26 of 3rd period - Joey Keane is hit by Alex Formenton and loses puck.
8:33 of 3rd period - Pierre-Olivier Joseph is hit by Anders Bjork and loses puck.
8:48 of 3rd period - Snap shot by Anders Bjork.
8:48 of 3rd period - Stopped by Logan Thompson without a rebound.
8:49 of 3rd period - Joel Farabee wins face-off versus Mitchell Stephens in Marlies zone.
9:00 of 3rd period - Snap shot by Mitchell Stephens.
9:00 of 3rd period - Shot Blocked by Joel Farabee.
9:02 of 3rd period - Snap shot by Mitchell Stephens.
9:02 of 3rd period - Stopped by Logan Thompson without a rebound.
9:03 of 3rd period - Aleksi Saarela wins face-off versus Jake Leschyshyn in Marlies zone.
9:16 of 3rd period - Slapshot by Jake Leschyshyn.
9:16 of 3rd period - Shot Blocked by Keaton Thompson.
10:35 of 3rd period - Juuso Valimaki is hit by Hugh McGing and loses puck.
10:51 of 3rd period - Off-side.
10:52 of 3rd period - Jake Leschyshyn wins face-off versus Matthew Highmore in neutral zone.
10:55 of 3rd period - Snap shot by Nick Paul.
10:55 of 3rd period - Shot Hit the Post.
10:57 of 3rd period - Snap shot by Jake Leschyshyn.
10:57 of 3rd period - Shot Hit the Post.
10:59 of 3rd period - Slapshot by Julien Gauthier.
10:59 of 3rd period - Shot Misses the Net.
11:01 of 3rd period - Slapshot by Josh Mahura.
11:01 of 3rd period - Stopped by Logan Thompson with a rebound.
11:03 of 3rd period - Snap shot by Julien Gauthier.
11:03 of 3rd period - Stopped by Logan Thompson with a rebound.
11:05 of 3rd period - Slapshot by Joey Keane.
11:05 of 3rd period - Shot Misses the Net.
11:07 of 3rd period - Backhand shot by Julien Gauthier.
11:07 of 3rd period - Shot Blocked by Joel Farabee.
11:22 of 3rd period - Snap shot by Anders Bjork.
11:22 of 3rd period - Shot Blocked by Alex Formenton.
11:24 of 3rd period - Minor Penalty to Kole Sherwood for High sticking.
11:25 of 3rd period - Aleksi Saarela wins face-off versus Jake Leschyshyn in Marlies zone.
11:34 of 3rd period - Backhand shot by Aleksi Saarela.
11:34 of 3rd period - Shot Misses the Net.
11:50 of 3rd period - Vinni Lettieri is hit by Pierre-Olivier Joseph and loses puck.
11:59 of 3rd period - Snap shot by Rasmus Dahlin.
11:59 of 3rd period - Stopped by Daniel Vladar without a rebound.
12:00 of 3rd period - Jake Leschyshyn wins face-off versus Aleksi Saarela in Moose zone.
13:24 of 3rd period - Penalty to Kole Sherwood is over, Kole Sherwood is back on ice.
13:36 of 3rd period - Jacob Bernard-Docker is hit by Boris Katchouk and loses puck.
14:39 of 3rd period - Boris Katchouk is hit by Kole Sherwood and loses puck.
15:12 of 3rd period - Pierre-Olivier Joseph is hit by Jaret Anderson-Dolan and loses puck.
15:53 of 3rd period - Minor Penalty to Jake Leschyshyn for Interference.
15:54 of 3rd period - Aleksi Saarela wins face-off versus Jaret Anderson-Dolan in Moose zone.
16:07 of 3rd period - Juuso Valimaki is hit by Mathieu Olivier.
17:02 of 3rd period - Minor Penalty to Joel Farabee for Holding.
17:03 of 3rd period - Julien Gauthier wins face-off versus Aleksi Saarela in Marlies zone.
17:10 of 3rd period - Wrist shot by Tyler Benson.
17:10 of 3rd period - Goal by Tyler Benson - Moose : 2 - Marlies : 6.
17:11 of 3rd period - Julien Gauthier wins face-off versus Aleksi Saarela in neutral zone.
17:24 of 3rd period - Slapshot by Chase De Leo.
17:24 of 3rd period - Shot Misses the Net.
17:26 of 3rd period - Snap shot by Julien Gauthier.
17:26 of 3rd period - Shot Blocked by Pierre-Olivier Joseph.
17:53 of 3rd period - Penalty to Jake Leschyshyn is over, Jake Leschyshyn is back on ice.
18:01 of 3rd period - Off-side.
18:02 of 3rd period - Aleksi Saarela wins face-off versus Jake Leschyshyn in neutral zone.
18:18 of 3rd period - Off-side.
18:19 of 3rd period - Mathieu Olivier wins face-off versus Chase De Leo in neutral zone.
19:02 of 3rd period - Penalty to Joel Farabee is over, Joel Farabee is back on ice.
19:04 of 3rd period - Snap shot by Vinni Lettieri.
19:04 of 3rd period - Shot Misses the Net.
19:06 of 3rd period - Snap shot by Ludwig Bystrom.
19:06 of 3rd period - Shot Misses the Net.
19:08 of 3rd period - Wrist shot by Anders Bjork.
19:08 of 3rd period - Shot Blocked by Keaton Thompson.
19:10 of 3rd period - Snap shot by Anders Bjork.
19:10 of 3rd period - Stopped by Logan Thompson with a rebound.
19:12 of 3rd period - Snap shot by Chase De Leo.
19:12 of 3rd period - Deflect By Mathieu Olivier.
19:12 of 3rd period - Shot Blocked by Keaton Thompson.
19:12 of 3rd period - Puck is out of play.
19:13 of 3rd period - Isac Lundestrom wins face-off versus Jake Leschyshyn in Marlies zone.
19:18 of 3rd period - Slapshot by Pierre-Olivier Joseph.
19:18 of 3rd period - Stopped by Daniel Vladar with a rebound.
19:49 of 3rd period - Slapshot by Juuso Valimaki.
19:49 of 3rd period - Deflect By Lukas Rousek.
19:49 of 3rd period - Stopped by Logan Thompson with a rebound.
Goals for this period are 1 for Moose vs 2 for Marlies.
Shots for this period are 12 for Moose vs 10 for Marlies.